 Dungeon Crawl Stone Soup version 0.30-a0-883-g5ad918d77d (webtiles) character file.

Game seed: 16727516401046674060

221 jasper the Cutter (level 5, -5/38 HPs)
             Began as a Demonspawn Gladiator on Mar 16, 2023.
             Killed by divine providence
             ... invoked by an orc priest
              (15 damage)
             ... on level 3 of the Dungeon.
             The game lasted 00:02:36 (2042 turns).

jasper the Cutter (Demonspawn Gladiator)            Turns: 2042, Time: 00:02:37

Health: -5/38      AC:  6    Str: 15    XL:     5   Next: 65%
Magic:  5/5        EV: 11    Int:  9    God:
Gold:   165        SH:  4    Dex: 16    Spells: 4/4 levels left

rFire   . . .      SeeInvis .    a - +1 rapier
rCold   . . .      Faith    .    (no shield)
rNeg    . . .      Spirit   .    f - +0 ring mail
rPois   .          Reflect  .    c - +0 helmet
rElec   .          Rampage  .    (no cloak)
rCorr   .                        (no gloves)
Will    .....                    (no boots)
Stlth   +                        (no amulet)
HPRegen 0.26/turn                (no ring)
MPRegen 0.09/turn                (no ring)

@: no status effects
A: demonic guardian 1, condensation shield
a: no special abilities


You were on level 3 of the Dungeon.
You visited 1 branch of the dungeon, and saw 3 of its levels.

You collected 165 gold pieces.

Inventory:

Hand Weapons
 a - a +1 rapier (weapon)
Missiles
 d - 2 throwing nets
 e - a javelin
 j - 47 stones (quivered)
 m - 2 poisoned darts
Armour
 b - a +0 leather armour
 c - a +0 helmet (worn)
 f - a +0 ring mail (worn)
Jewellery
 q - an amulet of guardian spirit
Scrolls
 i - a scroll of fog
 k - a scroll of identify
Potions
 g - a potion of might {unknown}
 h - a potion of mutation
 l - 2 potions of attraction
 o - a potion of brilliance {unknown}
 p - 2 potions of heal wounds {unknown}
 r - a potion of lignification {unknown}


   Skills:
 - Level 2.0 Fighting
 + Level 5.9 Short Blades
 - Level 1.7 Throwing
 - Level 2.6 Dodging


You had 4 spell levels left.
You didn't know any spells.
Your spell library contained the following spells:

 Spells                   Type           Power      Damage    Failure   Level
 Dazzling Flash           Conj/Hex       0%         N/A       94%         3
 Iskenderun's Mystic Bla  Conj/Tloc      0%         2d3       100%        4
 Starburst                Conj/Fire      0%         6d3       100%        6


Dungeon Overview and Level Annotations

Branches:
Dungeon (3/15)

Altars:
Xom


Innate Abilities, Weirdness & Mutations

A weak demonic guardian rushes to your aid.
A meltable shield of frost defends you. (SH +4)


Message History

You kill the goblin!
You see here a +0 club.
You see here a +0 dagger.
You see here a +0 dagger.
You see here a quokka skeleton.
There is an open door here.
j - 47 stones (gained 7)
A frilled lizard comes into view.
The frilled lizard hisses angrily.
You hear a shout! x2
A frilled lizard is nearby!
A frilled lizard is nearby!
An orc comes into view. It is wielding a +0 whip.
The orc shouts!
An orc comes into view. It is wielding a +0 short sword.
An orc priest comes into view. It is wielding a +0 whip.
An orc and an orc priest come into view.
The orc shouts!
The orc priest shouts!
The orc shouts!
The orc priest mumbles some strange prayers to Beogh against you.
Beogh smites you!
The orc priest calls down the wrath of Beogh upon you.
Beogh smites you!
* * * LOW HITPOINT WARNING * * *
You take 28 damage, and have 10/38 hp.
MASSIVE DAMAGE!!
The frilled lizard bites you.
* * * LOW HITPOINT WARNING * * *
You take 2 damage, and have 8/38 hp.
The frilled lizard attacks as you move away!
The frilled lizard barely misses you.
A giant cockroach and a ball python come into view.
The frilled lizard attacks as you move away!
You block the frilled lizard's attack.
Found 5 poisoned darts.
The teleport trap disappears.
The ball python disappears!
An endoplasm comes into view.
Okay, then.
It was a potion of cancellation.
You feel magically purged.
The frilled lizard bites you but does no damage.
The orc priest invokes the aid of Beogh against you.
Beogh smites you!
You die...

........#.....# #.8
#######.#.....# ..
.. #.. #.##.#### .#
#. ######
#####+##...# .#..
#.....
........##.####.#.#
#.####
........o.o...B.J..
#.#
........##..###.#.
#.#
........###.B##(#.#
#.# .......o#
##ol@...# #.#
......oo# ####.#.#
#)# ......... ...
#.# ......... ##...
#####†# .......
...##...#.#
####.#.#.# #..#.#.#
####.#.####
#...#.....


You could see 2 orc priests, an orc, an endoplasm, a giant cockroach and a
frilled lizard.

Vanquished Creatures
  Sigmund (D:2)
  An adder (D:2)
  2 worms (D:2)
  2 orcs (D:3)
  4 bats
  6 endoplasms
  3 giant cockroaches
  2 goblins
  A hobgoblin (D:2)
  A quokka (D:3)
  2 ball pythons (D:3)
  3 frilled lizards (D:2)
  3 kobolds
  3 rats
34 creatures vanquished.

Notes
Turn   | Place    | Note
-------+----------+-------------------------------------------
     0 | D:1      | jasper the Demonspawn Gladiator began the quest for the
                  | Orb.
     0 | D:1      | Reached XP level 1. HP: 16/16 MP: 1/1
   134 | D:1      | Reached skill level 3 in Short Blades
   295 | D:1      | Gained mutation: A weak demonic guardian rushes to your
                  | aid. [demonic ancestry]
   295 | D:1      | Reached XP level 2. HP: 22/22 MP: 2/2
   939 | D:2      | Found a shimmering altar of Xom.
   960 | D:2      | Noticed Sigmund
   974 | D:2      | Killed Sigmund
   975 | D:2      | Reached skill level 5 in Short Blades
   975 | D:2      | Reached XP level 3. HP: 21/27 MP: 3/3
   975 | D:2      | Gained mutation: A meltable shield of frost defends you.
                  | (SH +4) [demonic ancestry]
   975 | D:2      | Reached XP level 4. HP: 26/33 MP: 4/4
   975 | D:2      | Reached XP level 5. HP: 30/38 MP: 5/5
  2042 | D:3      | Killed from afar by an orc priest

Illustrated notes

Levels and vault maps discovered:
D:1:      amcnicky_arrival_underground_garden, layout_loops_ring
D:2:      layout_basic, basic_altar, kennysheep_generic_room_11, uniq_sigmund
D:3:      layout_basic, grunt_ministairs_3, pf_guarded_unrand_woodcutter

Skill      XL: |  1  2 |
---------------+-------+-----
Short Blades   | 3 5 |  5.9
Fighting       | |  2.0
Throwing       | |  1.7
Dodging        | |  2.6

Action                     |  1- 3 |  4- 6 || total
---------------------------+-------+-------++-------
  Melee: Rapier            |    49 |    67 ||   116
  Throw: Throwing net      |     1 |       ||     1
    Use: Scroll            |       |     5 ||     5
         Potion            |       |     1 ||     1
 Armour: Ring mail         |    18 |    24 ||    42
  Dodge: Dodged            |    30 |    26 ||    56
  Block: Other             |       |    14 ||    14

Table legend: (Time is in decaauts)
 A = Elapsed time spent in this place.
 B = Non-inter-level travel time spent in this place.
 C = Inter-level travel time spent in this place.
 D = Time resting spent in this place.
 E = Time spent auto-exploring this place.
 F = Levels seen in this place.
 G = Mean time per level.
                   A        B        C        D        E       F      G
               +--------+--------+--------+--------+--------+-----+--------+
         Total |   2035 |   1938 |     97 |      0 |   1539 |   3 |  678.3 |
       Dungeon |   2035 |   1938 |     97 |      0 |   1539 |   3 |  678.3 |
               +--------+--------+--------+--------+--------+-----+--------+

Top non-repeatable levels by time:
     D:2: 788 daAuts
     D:1: 775 daAuts
     D:3: 472 daAuts
